[Event "K12"]
[Site "?"]
[Date "2025.07.27"]
[Round "2"]
[White "Hentzgen, Thomas"]
[Black "Algars, Oller"]
[Result "0-1"]
[ECO "A06"]
[WhiteElo "1930"]
[BlackElo "1870"]
[Annotator ",martin-koller@seznam"]
[PlyCount "136"]
[TimeControl "240+2"]

{600MB, Fritz10.ctg} 1. Nf3 Nf6 2. b3 c5 3. Bb2 Nc6 4. e3 d5 5. Bb5 Bd7 6. O-O
e6 7. d3 Be7 8. Nbd2 a6 9. Bxc6 Bxc6 10. Ne5 Rc8 11. f4 O-O 12. Rf3 Nd7 13.
Nxc6 Rxc6 14. Rh3 Re8 15. Qh5 Nf8 16. Rf1 g6 17. Qe2 Bf6 18. Bxf6 Qxf6 19. Nf3
Qd8 20. e4 dxe4 21. Qxe4 Qd5 22. Re1 Rd8 23. Kf2 b5 24. Nd2 Qd4+ 25. Kf1 Rc7
26. Rhe3 Nd7 27. Nf3 Qxe4 28. Rxe4 Nf6 29. R4e2 Nd5 30. g3 Nc3 31. Rd2 Nxa2 32.
Ra1 Nb4 33. c3 Rxd3 34. Rxd3 Nxd3 35. Rxa6 Rd7 36. Ng5 Kg7 37. Ne4 Rd5 38. Ra7
h6 39. Rc7 e5 40. c4 bxc4 41. bxc4 Rd4 42. Nxc5 Nxc5 43. Rxc5 exf4 44. gxf4
Rxf4+ 45. Kg2 Rd4 46. Rc8 h5 47. c5 Rd3 48. c6 h4 49. h3 Rc3 50. c7 g5 51. Kf2
f5 52. Kg2 g4 53. hxg4 fxg4 54. Rd8 Rxc7 55. Rd4 Rc2+ 56. Kg1 Rc1+ 57. Kf2 g3+
58. Kg2 Rc2+ 59. Kh1 Rh2+ 60. Kg1 Kg6 61. Ra4 Kg5 62. Rb4 Rf2 63. Ra4 h3 64.
Ra1 Kg4 65. Ra4+ Rf4 66. Ra1 h2+ 67. Kh1 Kh3 68. Rg1 g2+ 0-1

[Event "K12"]
[Site "?"]
[Date "2025.07.27"]
[Round "2"]
[White "Schoenmakers, Nico"]
[Black "Rull, Michael"]
[Result "1/2-1/2"]
[ECO "B32"]
[WhiteElo "1856"]
[BlackElo "1846"]
[Annotator ",martin-koller@seznam"]
[PlyCount "126"]
[TimeControl "240+2"]

{600MB, Fritz10.ctg} 1. e4 c5 2. Nf3 Nc6 3. d4 cxd4 4. Nxd4 e5 5. Nf3 f5 6.
exf5 d5 7. Be2 Bxf5 8. a3 Nf6 9. O-O Bd6 10. Bg5 O-O 11. Nc3 Be6 12. h4 Qd7 13.
Bxf6 gxf6 14. Nxd5 e4 15. Ne1 Kh8 16. Nc3 f5 17. Nb5 Be5 18. Qxd7 Bxd7 19. Rd1
Be6 20. c3 a6 21. Nd4 Bxd4 22. cxd4 Rad8 23. d5 Bxd5 24. Nc2 Bb3 25. Rxd8 Rxd8
26. Na1 Rd2 27. Bxa6 Rxb2 28. Nxb3 Rxb3 29. Bc4 Rxa3 30. Rb1 Ne5 31. Be6 f4 32.
Bd5 e3 33. fxe3 fxe3 34. Bf3 Ra2 35. Re1 Nxf3+ 36. gxf3 e2 37. Kf2 Kg7 38. Rb1
Ra4 39. Rxb7+ Kg6 40. h5+ Kxh5 41. Rxh7+ Kg5 42. Kxe2 Ra3 43. Rg7+ Kf6 44. Rg4
Kf5 45. Kf2 Rb3 46. Kg3 Ra3 47. Rf4+ Kg5 48. Rb4 Ra5 49. Rb8 Ra3 50. Rb5+ Kg6
51. Kg4 Ra4+ 52. f4 Kf6 53. Rb6+ Kf7 54. Kg5 Ra5+ 55. f5 Ra7 56. Rf6+ Kg7 57.
Re6 Ra1 58. Rg6+ Kh7 59. Rh6+ Kg7 60. f6+ Kf7 61. Rh7+ Kf8 62. Kf5 Rf1+ 63. Ke5
Re1+ 1/2-1/2

[Event "M11"]
[Site "?"]
[Date "2025.07.28"]
[Round "3"]
[White "Tornberg, Carlos"]
[Black "Hartwig, Maik"]
[Result "1-0"]
[ECO "C01"]
[WhiteElo "2164"]
[BlackElo "1970"]
[Annotator ",martin-koller@seznam"]
[PlyCount "41"]
[TimeControl "240+2"]

{600MB, Fritz10.ctg} 1. e4 e6 2. d4 b6 3. Nf3 d5 4. exd5 Qxd5 5. c4 Qd8 6. Be2
Nf6 7. O-O Be7 8. h3 O-O 9. Be3 Bb7 10. Nc3 Nbd7 11. Qc2 Bb4 12. Rad1 Bxc3 13.
Qxc3 h6 14. Nd2 Qe7 15. Rfe1 Rfd8 16. Bf3 Bxf3 17. Nxf3 c6 18. Bf4 Nf8 19. Ne5
Qb7 20. Qf3 N8d7 21. Nxc6 1-0

[Event "M11"]
[Site "?"]
[Date "2025.07.28"]
[Round "3"]
[White "Hanl, Frantisek"]
[Black "Schaefer, Martin"]
[Result "1-0"]
[ECO "A01"]
[WhiteElo "2136"]
[BlackElo "1983"]
[Annotator ",martin-koller@seznam"]
[PlyCount "65"]
[TimeControl "240+2"]

{600MB, Fritz10.ctg} 1. b3 e5 2. Bb2 Nc6 3. e3 d5 4. Bb5 Bd6 5. Nf3 f6 6. Bxc6+
bxc6 7. Nxe5 fxe5 8. Bxe5 Qg5 9. Bg3 Bg4 10. f3 Bf5 11. f4 Qg4 12. Qc1 h5 13.
c4 h4 14. cxd5 Ne7 15. Bf2 cxd5 16. Nc3 O-O 17. Qb2 d4 18. Ne2 d3 19. Nd4 Nd5
20. h3 Qh5 21. O-O Rf6 22. Nxf5 Qxf5 23. Bxh4 Rg6 24. Qd4 Re8 25. Rae1 Kh7 26.
Bg5 Re4 27. Qxd3 Nf6 28. Re2 Rxg5 29. fxg5 Qe5 30. Rf4 Qa1+ 31. Kf2 Bxf4 32.
gxf6 Qe5 33. exf4 1-0

[Event "M11"]
[Site "?"]
[Date "2025.07.28"]
[Round "3"]
[White "Kalisky, Vladimir"]
[Black "Feldheim, Jonas"]
[Result "1-0"]
[ECO "C01"]
[WhiteElo "2133"]
[BlackElo "2118"]
[Annotator ",martin-koller@seznam"]
[PlyCount "57"]
[TimeControl "240+2"]

{600MB, Fritz10.ctg} 1. e4 e6 2. d4 d5 3. exd5 exd5 4. Nf3 Bd6 5. Bd3 Nc6 6.
O-O Nge7 7. Re1 Bg4 8. c3 Qd7 9. Nbd2 f6 10. b4 O-O 11. a4 Rae8 12. Ba3 Ng6 13.
b5 Rxe1+ 14. Qxe1 Re8 15. Qb1 Nce7 16. Bxd6 Qxd6 17. h3 Be6 18. a5 Kf7 19. Qb3
Nf4 20. Bf1 g5 21. Re1 Neg6 22. Re3 h5 23. c4 Rh8 24. cxd5 Nxd5 25. Ne4 Qf4 26.
Nc5 Nxe3 27. Qxe6+ Kg7 28. fxe3 Qg3 29. Ne4 1-0

[Event "M11"]
[Site "?"]
[Date "2025.07.28"]
[Round "3"]
[White "Karlsson, Marcus"]
[Black "Silwer, Martin"]
[Result "1/2-1/2"]
[ECO "A07"]
[WhiteElo "2006"]
[BlackElo "1989"]
[Annotator ",martin-koller@seznam"]
[PlyCount "76"]
[TimeControl "240+2"]

{600MB, Fritz10.ctg} 1. Nf3 d5 2. g3 Nf6 3. Bg2 g6 4. d3 Bg7 5. Nbd2 O-O 6. O-O
b6 7. c4 e6 8. Qc2 c5 9. Rb1 Bb7 10. a3 a5 11. b4 axb4 12. axb4 Qc7 13. bxc5
bxc5 14. Bb2 Nbd7 15. cxd5 exd5 16. Rfc1 Rfe8 17. e3 Bc6 18. Ra1 Reb8 19. Rxa8
Rxa8 20. Ra1 Rxa1+ 21. Bxa1 Qa7 22. Bc3 Qa6 23. Ne5 Nxe5 24. Bxe5 Nd7 25. Bxg7
Kxg7 26. Qc3+ Kg8 27. Qb3 Qb7 28. Qxb7 Bxb7 29. Kf1 Kf8 30. f4 Ke7 31. Ke2 Kd6
32. e4 f6 33. Nb3 c4 34. Na5 cxd3+ 35. Kxd3 dxe4+ 36. Kd4 Bd5 37. Bxe4 Bxe4 38.
Nc4+ Ke6 1/2-1/2

[Event "M11"]
[Site "?"]
[Date "2025.07.28"]
[Round "3"]
[White "Reichmann, Steffen"]
[Black "Aubrecht, Petr"]
[Result "0-1"]
[ECO "B21"]
[WhiteElo "1996"]
[BlackElo "2015"]
[Annotator ",martin-koller@seznam"]
[PlyCount "118"]
[TimeControl "240+2"]

{600MB, Fritz10.ctg} 1. e4 c5 2. d4 cxd4 3. c3 dxc3 4. Nxc3 e6 5. Nf3 Nc6 6.
Bc4 Qc7 7. O-O Nf6 8. Nb5 Qb8 9. e5 Nxe5 10. Bf4 d6 11. Bxe5 dxe5 12. Rc1 Bd7
13. Qe2 a6 14. Nxe5 axb5 15. Nxd7 Nxd7 16. Bxb5 Bd6 17. Rfd1 O-O 18. Bxd7 Bxh2+
19. Kh1 Qe5 20. Qf3 Bf4 21. Re1 Qf6 22. Rc2 Rxa2 23. g3 Be5 24. Qe4 Rxb2 25.
Ba4 b5 26. Qxe5 Qxe5 27. Rxe5 Rb1+ 28. Kg2 bxa4 29. Ra5 Ra1 30. Rc4 a3 31. Rca4
g6 32. Rxa3 Rxa3 33. Rxa3 Rb8 34. Ra7 Kg7 35. g4 g5 36. Kg3 Kg6 37. Ra6 h5 38.
gxh5+ Kxh5 39. Ra7 Rb3+ 40. Kg2 Kg6 41. Ra6 Kf5 42. Ra5+ e5 43. Ra7 f6 44. Ra2
Kf4 45. Rc2 e4 46. Re2 f5 47. Ra2 g4 48. Re2 g3 49. fxg3+ Rxg3+ 50. Kf2 e3+ 51.
Kf1 Ke4 52. Ra2 f4 53. Rb2 Rg8 54. Ra2 Rh8 55. Kg2 f3+ 56. Kg3 Rg8+ 57. Kh2 f2
58. Ra4+ Kf3 59. Rb4 Rh8+ 0-1

[Event "K11"]
[Site "?"]
[Date "2025.07.28"]
[Round "3"]
[White "Melerowicz, Thomas"]
[Black "Lebeda, Frantisek"]
[Result "1-0"]
[ECO "A30"]
[WhiteElo "1979"]
[BlackElo "1857"]
[Annotator ",martin-koller@seznam"]
[PlyCount "87"]
[TimeControl "240+2"]

{600MB, Fritz10.ctg} 1. Nf3 c5 2. c4 Nf6 3. b3 g6 4. Bb2 Bg7 5. g3 O-O 6. Bg2
Nc6 7. O-O d6 8. d3 Qc7 9. Nc3 b6 10. d4 cxd4 11. Nxd4 Bb7 12. Nxc6 Bxc6 13.
Bxc6 Qxc6 14. Nd5 Nxd5 15. cxd5 Qb5 16. Bxg7 Kxg7 17. Qd4+ Kg8 18. Qe4 Qd7 19.
Rac1 Rac8 20. Rc6 Rxc6 21. dxc6 Qc7 22. Rc1 Rb8 23. a4 Rd8 24. b4 d5 25. Qd3 e5
26. Qa6 Rb8 27. Qb5 d4 28. Qc4 Rd8 29. b5 Qd6 30. Rd1 Kf8 31. Qc1 Kg7 32. Qc4
Kf8 33. h4 h5 34. Qc1 Kg7 35. Qc4 Kf8 36. Ra1 e4 37. a5 d3 38. exd3 exd3 39.
axb6 d2 40. Rd1 axb6 41. Qc3 Qc5 42. Qxc5+ bxc5 43. c7 Rc8 44. b6 1-0

[Event "K11"]
[Site "?"]
[Date "2025.07.28"]
[Round "3"]
[White "Vesely, Jaromir"]
[Black "Pokorny, Jan"]
[Result "1-0"]
[ECO "D15"]
[WhiteElo "1824"]
[BlackElo "1802"]
[Annotator ",martin-koller@seznam"]
[PlyCount "47"]
[TimeControl "240+2"]

{600MB, Fritz10.ctg} 1. d4 Nf6 2. c4 c6 3. Nc3 d5 4. Nf3 Bg4 5. Ne5 Be6 6. cxd5
Nxd5 7. e4 Nxc3 8. bxc3 f6 9. Nc4 b5 10. Ne3 a6 11. Bd3 Nd7 12. O-O Nb6 13. Qe2
g6 14. f4 Bh6 15. f5 Bxe3+ 16. Bxe3 Bc4 17. e5 Bxd3 18. Qxd3 Qd5 19. exf6 exf6
20. fxg6 O-O-O 21. g7 Rhg8 22. Bh6 Nd7 23. Qxh7 c5 24. Qf5 1-0

[Event "K11"]
[Site "?"]
[Date "2025.07.28"]
[Round "3"]
[White "Plesnivy, Martin"]
[Black "Dome, Michal"]
[Result "0-1"]
[ECO "D18"]
[WhiteElo "1801"]
[BlackElo "1963"]
[Annotator ",martin-koller@seznam"]
[PlyCount "86"]
[TimeControl "240+2"]

{600MB, Fritz10.ctg} 1. d4 Nf6 2. Nf3 d5 3. c4 c6 4. Nc3 dxc4 5. a4 Bf5 6. e3
e6 7. Bxc4 Be7 8. O-O O-O 9. Qe2 h6 10. e4 Bh7 11. e5 Nd5 12. Nxd5 cxd5 13. Bd3
Nc6 14. Be3 Rc8 15. Bxh7+ Kxh7 16. Rfc1 a6 17. Rc3 Qd7 18. Qd3+ Kg8 19. Rac1
Nb4 20. Qb1 Rxc3 21. bxc3 Nc6 22. Qc2 Rc8 23. Nd2 Na5 24. Rb1 Qc6 25. Rc1 Ba3
26. Rb1 Qxc3 27. Qxc3 Rxc3 28. Nf3 Rc7 29. g3 Nc4 30. Rb3 Be7 31. Rc3 Bd8 32.
Ne1 Nb2 33. Ra3 Be7 34. Ra2 Nc4 35. a5 Bb4 36. Nd3 Bxa5 37. Nc5 Bb6 38. Na4 Ba7
39. Rc2 Rc6 40. Nc5 Bxc5 41. dxc5 Nxe3 42. fxe3 b6 43. Ra2 bxc5 0-1

[Event "K11"]
[Site "?"]
[Date "2025.07.28"]
[Round "3"]
[White "Tichy, Petr"]
[Black "Spindler, Markus"]
[Result "1-0"]
[ECO "A06"]
[WhiteElo "1967"]
[BlackElo "1883"]
[Annotator ",martin-koller@seznam"]
[PlyCount "105"]
[TimeControl "240+2"]

{600MB, Fritz10.ctg} 1. Nf3 d5 2. b3 e6 3. Bb2 Nf6 4. g3 Bd6 5. Bg2 O-O 6. O-O
c5 7. d4 Nc6 8. e3 Bd7 9. c4 Re8 10. Nc3 cxd4 11. Nxd4 Nxd4 12. exd4 Bc6 13. c5
Bc7 14. b4 a6 15. a4 Ne4 16. Nxe4 dxe4 17. Qe2 f5 18. f3 exf3 19. Bxf3 Bxf3 20.
Qxf3 Re7 21. Qb3 g6 22. Rae1 Kf7 23. g4 f4 24. g5 Qd5 25. Qxd5 exd5 26. Rxe7+
Kxe7 27. Re1+ Kd7 28. Kf2 Rf8 29. Kf3 Rf5 30. h4 h5 31. b5 axb5 32. axb5 Ba5
33. Re2 Rf7 34. c6+ bxc6 35. bxc6+ Kxc6 36. Re6+ Kd7 37. Rxg6 Be1 38. Rh6 Bxh4
39. Rxh5 Be1 40. g6 Rf6 41. Rxd5+ Ke7 42. Re5+ Kf8 43. Rxe1 Rxg6 44. Kxf4 Rf6+
45. Ke5 Kf7 46. d5 Rb6 47. Rf1+ Ke8 48. Ba3 Kd7 49. Rf7+ Ke8 50. Rh7 Rg6 51. d6
Rg5+ 52. Kf6 Rg1 53. d7+ 1-0

[Event "K11"]
[Site "?"]
[Date "2025.07.28"]
[Round "3"]
[White "Lebeda, Frantisek"]
[Black "Schimmer, Michael"]
[Result "1/2-1/2"]
[ECO "B22"]
[WhiteElo "1924"]
[BlackElo "1819"]
[Annotator ",martin-koller@seznam"]
[PlyCount "154"]
[TimeControl "240+2"]

{600MB, Fritz10.ctg} 1. e4 c5 2. c3 d5 3. exd5 Qxd5 4. d4 Nf6 5. Nf3 e6 6. Be2
Nc6 7. Bf4 cxd4 8. cxd4 Bb4+ 9. Nc3 Ne4 10. Qd3 Qf5 11. Bd2 Nxd2 12. Qxd2 O-O
13. O-O Rd8 14. Qe3 b6 15. Bd3 Qh5 16. a3 Bxc3 17. bxc3 Bb7 18. Be4 Rab8 19.
Nd2 Ne7 20. a4 Nf5 21. Qf4 Nd6 22. Bd3 Rbc8 23. c4 Ne8 24. Rfe1 Nf6 25. Re5 Qg4
26. Qxg4 Nxg4 27. Re2 Rxd4 28. f3 Rxd3 29. fxg4 Rd4 30. h3 Rcd8 31. Ra2 Bc8 32.
Rc2 f6 33. Nf3 Rd1+ 34. Kf2 e5 35. c5 bxc5 36. Rxc5 Be6 37. Rc7 R1d7 38. Rc5
Rb7 39. g5 Rd5 40. Rec2 Kf7 41. Rc7+ Rxc7 42. Rxc7+ Rd7 43. Rc5 e4 44. Ne1 f5
45. Ke3 g6 46. Kf4 Ke7 47. Rc6 Bd5 48. Rc3 Kd6 49. g4 fxg4 50. hxg4 Rf7+ 51.
Ke3 Rc7 52. Rxc7 Kxc7 53. Kd4 Kd6 54. Ng2 Bb3 55. a5 Bc2 56. Ne3 Bd3 57. Nd1
Kc6 58. Nc3 Bc2 59. Kc4 a6 60. Na2 Bd3+ 61. Kd4 Kb5 62. Nc3+ Kxa5 63. Nd5 Ka4
64. Kc3 Be2 65. Nf6 Bf3 66. Nxh7 Bxg4 67. Nf6 Bf5 68. Nd5 Bg4 69. Ne7 Bh5 70.
Kd4 Kb3 71. Nc6 Ka4 72. Kxe4 a5 73. Kd4 Kb5 74. Ne5 a4 75. Kc3 Kc5 76. Kb2 Kb4
77. Ka2 Ka5 1/2-1/2

[Event "K12"]
[Site "?"]
[Date "2025.07.28"]
[Round "3"]
[White "Marsalek, Lubos"]
[Black "Schoenmakers, Nico"]
[Result "1/2-1/2"]
[ECO "D35"]
[WhiteElo "1906"]
[BlackElo "1856"]
[Annotator ",martin-koller@seznam"]
[PlyCount "37"]
[TimeControl "240+2"]

{600MB, Fritz10.ctg} 1. c4 e6 2. Nc3 d5 3. cxd5 exd5 4. d4 c6 5. Bf4 Nf6 6. e3
Be7 7. Bd3 O-O 8. h3 Nbd7 9. Nf3 Re8 10. O-O Nf8 11. Rb1 Ng6 12. Bh2 Bd6 13.
Bxd6 Qxd6 14. Qc2 a5 15. a4 Qb4 16. Na2 Qd6 17. Nc3 Qb4 18. Na2 Qd6 19. Nc3
1/2-1/2

[Event "K12"]
[Site "?"]
[Date "2025.07.28"]
[Round "3"]
[White "Suchy, Ladislav"]
[Black "Svoboda, Daniel"]
[Result "0-1"]
[ECO "B84"]
[WhiteElo "1852"]
[BlackElo "1941"]
[Annotator ",martin-koller@seznam"]
[PlyCount "34"]
[TimeControl "240+2"]

{600MB, Fritz10.ctg} 1. e4 c5 2. Nf3 d6 3. d4 Nf6 4. Nc3 cxd4 5. Nxd4 a6 6. Be2
Nbd7 7. O-O e6 8. Be3 b5 9. a3 Bb7 10. f3 Be7 11. Qe1 O-O 12. Rd1 Rc8 13. Qg3
Qc7 14. Rd2 Nb6 15. Rfd1 Nc4 16. Bxc4 Qxc4 17. Bf4 Nh5 0-1

[Event "K12"]
[Site "?"]
[Date "2025.07.28"]
[Round "3"]
[White "Rull, Michael"]
[Black "Hentzgen, Thomas"]
[Result "0-1"]
[ECO "B06"]
[WhiteElo "1846"]
[BlackElo "1930"]
[Annotator ",martin-koller@seznam"]
[PlyCount "24"]
[TimeControl "240+2"]

{600MB, Fritz10.ctg} 1. d4 d6 2. Bf4 g6 3. Nc3 Bg7 4. e4 a6 5. Nf3 b5 6. Be2
Bb7 7. Qd2 Nd7 8. h3 c5 9. a3 cxd4 10. Nxd4 Bxd4 11. Bxd6 Bxf2+ 12. Kxf2 Qb6+
0-1

[Event "K12"]
[Site "?"]
[Date "2025.07.28"]
[Round "3"]
[White "Macha, Vaclav"]
[Black "Korenek, Frantisek"]
[Result "1-0"]
[ECO "D79"]
[WhiteElo "1875"]
[BlackElo "1968"]
[Annotator ",martin-koller@seznam"]
[PlyCount "63"]
[TimeControl "240+2"]

{600MB, Fritz10.ctg} 1. d4 d5 2. c4 c6 3. Nf3 Nf6 4. g3 g6 5. Bg2 Bg7 6. O-O
O-O 7. Nc3 Nbd7 8. cxd5 cxd5 9. Bf4 a6 10. Qd2 Re8 11. Rac1 Nf8 12. Bh6 Bh8 13.
Bxf8 Rxf8 14. Na4 Ne4 15. Qb4 a5 16. Qb6 Ra6 17. Qxd8 Rxd8 18. Rc7 Rc6 19. Rxc6
bxc6 20. Rc1 Ba6 21. e3 e6 22. b3 Rc8 23. Nc5 Bb5 24. Nxe4 dxe4 25. Ng5 f5 26.
Nxe6 Bf6 27. Bf1 Bxf1 28. Kxf1 Kf7 29. Nc5 Bd8 30. Nb7 Ke7 31. Nxd8 Kxd8 32.
Rc5 1-0

[Event "K12"]
[Site "?"]
[Date "2025.07.28"]
[Round "3"]
[White "Algars, Olle"]
[Black "Feierfeil, Jiri"]
[Result "1/2-1/2"]
[ECO "B36"]
[WhiteElo "1870"]
[BlackElo "1738"]
[Annotator ",martin-koller@seznam"]
[PlyCount "120"]
[TimeControl "240+2"]

{600MB, Fritz10.ctg} 1. c4 c5 2. Nf3 Nc6 3. Nc3 Nf6 4. d4 cxd4 5. Nxd4 g6 6. e4
d6 7. h3 Bg7 8. Be3 Bd7 9. Be2 Rc8 10. Rc1 a6 11. O-O O-O 12. Qd2 Re8 13. Rfd1
Nxd4 14. Bxd4 Bc6 15. Qe3 Nd7 16. Bxg7 Kxg7 17. b3 Qb6 18. Qg3 Rcd8 19. h4 Nf6
20. Qd3 h5 21. Rd2 Qa7 22. Qb1 b6 23. Rcd1 Qa8 24. f3 Kh7 25. Qc1 Rc8 26. Qb1
Qb7 27. a4 Qa7 28. Kf1 Qb7 29. Qd3 Nd7 30. Qe3 Nc5 31. Nd5 a5 32. f4 Bxd5 33.
Rxd5 Ne6 34. Bf3 Rc5 35. e5 Rxd5 36. Rxd5 Qd7 37. f5 Ng7 38. fxg6+ fxg6 39.
exd6 exd6 40. Qd2 Nf5 41. Kg1 Qe7 42. Qg5 Qxg5 43. hxg5 Re5 44. Rd2 Re3 45. Bd1
Rc3 46. Kf2 Ne3 47. Rxd6 Nxd1+ 48. Rxd1 Rxb3 49. Rd7+ Kg8 50. Rd6 Kg7 51. Rd7+
Kf8 52. Rd6 Rb4 53. Rxg6 Rxc4 54. Rxb6 Rxa4 55. Ra6 Kg7 56. Kg1 Ra2 57. Kh2 a4
58. Kg3 a3 59. Kh2 Ra1 60. g3 a2 1/2-1/2

[Event "K11"]
[Site "?"]
[Date "2025.07.29"]
[Round "4"]
[White "Vesely, Jaromir"]
[Black "Lebeda, Frantisek"]
[Result "0-1"]
[ECO "E97"]
[WhiteElo "1924"]
[BlackElo "1857"]
[Annotator ",martin-koller@seznam"]
[PlyCount "56"]
[TimeControl "240+2"]

{600MB, Fritz10.ctg} 1. d4 Nf6 2. c4 g6 3. Nc3 Bg7 4. e4 d6 5. Be2 O-O 6. Nf3
Nbd7 7. O-O e5 8. dxe5 Nxe5 9. Nxe5 dxe5 10. Bg5 h6 11. Qxd8 Rxd8 12. Be3 c6
13. f3 Be6 14. Rfd1 b6 15. Kf2 Nd7 16. b4 Bf8 17. a3 a5 18. bxa5 bxa5 19. Na4
c5 20. Rab1 Rab8 21. Rb5 Rxb5 22. cxb5 f5 23. Rxd7 Bxd7 24. Bxc5 Rb8 25. Bc4+
Kg7 26. Ba7 Rb7 27. b6 Bxa4 28. Bd5 Rxa7 0-1

[Event "K11"]
[Site "?"]
[Date "2025.07.29"]
[Round "4"]
[White "Schimmer, Michael"]
[Black "Melerowicz, Thomas"]
[Result "1/2-1/2"]
[ECO "B01"]
[WhiteElo "1819"]
[BlackElo "1979"]
[Annotator ",martin-koller@seznam"]
[PlyCount "36"]
[TimeControl "240+2"]

{600MB, Fritz10.ctg} 1. e4 d5 2. exd5 Nf6 3. Nf3 Nxd5 4. d4 Bf5 5. Bd3 Bxd3 6.
Qxd3 e6 7. O-O Nd7 8. c4 N5f6 9. Nc3 Be7 10. Bf4 c6 11. Rad1 O-O 12. Rfe1 Re8
13. Qc2 Nf8 14. Ne5 Nh5 15. Bc1 Nf6 16. Re3 Ng6 17. Rg3 Qc7 18. Qe2 Bd6 1/2-1/2

[Event "K11"]
[Site "?"]
[Date "2025.07.29"]
[Round "4"]
[White "Spindler, Markus"]
[Black "Plesnivy, Martin"]
[Result "1-0"]
[ECO "B22"]
[WhiteElo "1883"]
[BlackElo "1801"]
[Annotator ",martin-koller@seznam"]
[PlyCount "43"]
[TimeControl "240+2"]

{600MB, Fritz10.ctg} 1. e4 c5 2. c3 d5 3. exd5 Qxd5 4. d4 Nc6 5. Nf3 Bg4 6. Be2
e6 7. O-O Nf6 8. h3 Bf5 9. Be3 cxd4 10. Nxd4 Be7 11. Nd2 Nxd4 12. Bxd4 O-O 13.
Bc4 Qd7 14. Nf3 Nd5 15. Qb3 Rfd8 16. Rad1 Qc7 17. Be5 Qc6 18. Nd4 Qb6 19. Nxf5
Qxb3 20. Nxe7+ Kf8 21. Bxb3 Nxe7 22. Bc7 1-0

[Event "K11"]
[Site "?"]
[Date "2025.07.29"]
[Round "4"]
[White "Pokorny, Jan"]
[Black "Dome, Michal"]
[Result "1/2-1/2"]
[ECO "D00"]
[WhiteElo "1802"]
[BlackElo "1963"]
[Annotator ",martin-koller@seznam"]
[PlyCount "49"]
[TimeControl "240+2"]

{600MB, Fritz10.ctg} 1. d4 d5 2. b3 c5 3. dxc5 e6 4. Bb2 Nf6 5. Nd2 Bxc5 6. e3
Nc6 7. Ngf3 O-O 8. Be2 Qe7 9. a3 a5 10. O-O Rb8 11. Ne5 Nd7 12. Ndf3 f6 13.
Nxc6 bxc6 14. Nd4 Qd6 15. c4 g6 16. cxd5 cxd5 17. Nb5 Qe7 18. a4 Ne5 19. Rc1
Bd7 20. Qd2 Nc6 21. Kh1 Kg7 22. Rfd1 Bb4 23. Bc3 Bxc3 24. Qxc3 Rbc8 25. Qc5
1/2-1/2

[Event "K12"]
[Site "?"]
[Date "2025.07.29"]
[Round "4"]
[White "Schoenmakers, Nico"]
[Black "Suchy, Ladislav"]
[Result "1/2-1/2"]
[ECO "B32"]
[WhiteElo "1856"]
[BlackElo "1852"]
[Annotator ",martin-koller@seznam"]
[PlyCount "60"]
[TimeControl "240+2"]

{600MB, Fritz10.ctg} 1. e4 c5 2. Nf3 Nc6 3. d4 cxd4 4. Nxd4 e5 5. Nb5 a6 6.
Nd6+ Bxd6 7. Qxd6 Qf6 8. Qxf6 Nxf6 9. f3 d5 10. exd5 Nb4 11. Na3 Bf5 12. c3
Nd3+ 13. Bxd3 Bxd3 14. Kf2 O-O 15. Re1 e4 16. fxe4 Rfe8 17. Kg1 b5 18. Bf4 Bxe4
19. d6 h6 20. h3 g5 21. Bh2 Nd7 22. Rad1 f5 23. Nb1 Rad8 24. Nd2 Nf6 25. Nxe4
Nxe4 26. Rd5 f4 27. Rd4 Nf6 28. Rxe8+ Nxe8 29. Kf1 Rxd6 30. Bg1 Re6 1/2-1/2

[Event "K12"]
[Site "?"]
[Date "2025.07.29"]
[Round "4"]
[White "Hentzgen, Thomas"]
[Black "Marsalek, Lubos"]
[Result "1/2-1/2"]
[ECO "B26"]
[WhiteElo "1930"]
[BlackElo "1906"]
[Annotator ",martin-koller@seznam"]
[PlyCount "57"]
[TimeControl "240+2"]

{600MB, Fritz10.ctg} 1. e4 c5 2. Nc3 Nc6 3. g3 g6 4. Bg2 Bg7 5. d3 d6 6. Be3
Nf6 7. h3 Nd4 8. Qd2 Bd7 9. f4 e5 10. Nge2 Rb8 11. O-O b5 12. fxe5 dxe5 13. Bg5
h6 14. Be3 Bc6 15. Rae1 b4 16. Nd1 a5 17. c3 Ne6 18. Nf2 Bb5 19. Rd1 h5 20.
Rfe1 O-O 21. d4 bxc3 22. bxc3 cxd4 23. cxd4 Bxe2 24. Rxe2 exd4 25. Bxd4 Nxd4
26. Qxd4 Qxd4 27. Rxd4 Ng4 28. Rdd2 Nxf2 29. Kxf2 1/2-1/2

[Event "K11"]
[Site "?"]
[Date "2025.07.29"]
[Round "4"]
[White "Smisek, Robin"]
[Black "Tichy, Petr"]
[Result "1/2-1/2"]
[ECO "D36"]
[WhiteElo "1823"]
[BlackElo "1967"]
[Annotator ",martin-koller@seznam"]
[PlyCount "49"]
[TimeControl "240+2"]

{600MB, Fritz10.ctg} 1. d4 d5 2. c4 e6 3. Nc3 Nf6 4. cxd5 exd5 5. Bg5 c6 6. e3
Bd6 7. Bd3 Nbd7 8. Nf3 O-O 9. Qc2 h6 10. Bh4 Qa5 11. O-O Re8 12. h3 g5 13. Bg3
Bxg3 14. fxg3 Qd8 15. b4 a6 16. a4 Qe7 17. Rfb1 Ne4 18. b5 Nxc3 19. Qxc3 c5 20.
bxa6 bxa6 21. Rb2 c4 22. Bc2 Nf6 23. Ne5 Be6 24. Rab1 Rec8 25. Rb7 1/2-1/2

[Event "M11"]
[Site "?"]
[Date "2025.07.29"]
[Round "4"]
[White "Karlsson, Marcus"]
[Black "Tornberg, Carlos"]
[Result "0-1"]
[ECO "C74"]
[WhiteElo "2006"]
[BlackElo "2164"]
[Annotator ",martin-koller@seznam"]
[PlyCount "42"]
[TimeControl "240+2"]

{600MB, Fritz10.ctg} 1. e4 e5 2. Nf3 Nc6 3. Bb5 a6 4. Ba4 d6 5. c3 f5 6. d4
fxe4 7. Ng5 Be7 8. Bxc6+ bxc6 9. dxe5 d5 10. O-O Bf5 11. g4 Bc8 12. Nh3 h5 13.
Nf4 Bxg4 14. Qa4 Qd7 15. e6 Bxe6 16. Ng6 Bh3 17. Ne5 Qe6 18. f4 Bxf1 19. Kxf1
Qh3+ 20. Ke2 Qg2+ 21. Kd1 Qf1+ 0-1

[Event "M11"]
[Site "?"]
[Date "2025.07.29"]
[Round "4"]
[White "Feldheim, Jonas"]
[Black "Hanl, Frantisek"]
[Result "0-1"]
[ECO "B15"]
[WhiteElo "2118"]
[BlackElo "2136"]
[Annotator ",martin-koller@seznam"]
[PlyCount "86"]
[TimeControl "240+2"]

{600MB, Fritz10.ctg} 1. e4 c6 2. d4 d5 3. Nd2 dxe4 4. Nxe4 Nf6 5. Nxf6+ exf6 6.
Bc4 Bd6 7. Qe2+ Qe7 8. Qxe7+ Kxe7 9. Ne2 Re8 10. Bd2 a5 11. a4 Be6 12. Bd3 Nd7
13. O-O-O Nb6 14. b3 Nd5 15. Kb2 Nb4 16. Bf4 Nxd3+ 17. Rxd3 Bf5 18. Re3+ Kd7
19. Bxd6 Rxe3 20. fxe3 Kxd6 21. Ng3 h6 22. Kc3 Re8 23. Kd2 Be4 24. Rf1 b6 25.
Rf4 Bg6 26. h4 h5 27. e4 c5 28. d5 Re5 29. Kd3 Rxd5+ 30. Ke3 Rd1 31. Nf5+ Ke5
32. Rf2 Re1+ 33. Kd2 Rxe4 34. Nxg7 Rxh4 35. Ne8 Rf4 36. Rxf4 Kxf4 37. Nxf6 Kg3
38. Nd5 Kxg2 39. Nxb6 h4 40. Nd5 Kf3 41. Ne3 h3 42. Nf1 Kf2 43. Nh2 Bf5 0-1

[Event "K12"]
[Site "?"]
[Date "2025.07.29"]
[Round "4"]
[White "Svoboda, Daniel"]
[Black "Macha, Vaclav"]
[Result "1/2-1/2"]
[ECO "C10"]
[WhiteElo "1941"]
[BlackElo "1875"]
[Annotator ",martin-koller@seznam"]
[PlyCount "59"]
[TimeControl "240+2"]

{600MB, Fritz10.ctg} 1. e4 e6 2. d4 d5 3. Nc3 dxe4 4. Nxe4 Nd7 5. Nf3 Ngf6 6.
Bg5 Be7 7. Nxf6+ Nxf6 8. Bd3 O-O 9. O-O b6 10. Qe2 Bb7 11. Rfd1 Qc8 12. c4 Re8
13. Ne5 h6 14. Be3 c5 15. Rac1 cxd4 16. Bxd4 Bc5 17. Bc3 a5 18. Bc2 Qc7 19. Ng4
Nxg4 20. Qxg4 e5 21. Be4 Bxe4 22. Qxe4 f6 23. Rd5 Rad8 24. Rcd1 Rxd5 25. Qxd5+
Qf7 26. Qc6 Qe6 27. Qe4 Bd4 28. Bxd4 exd4 29. Qd5 Kf7 30. Qxe6+ 1/2-1/2

[Event "K12"]
[Site "?"]
[Date "2025.07.29"]
[Round "4"]
[White "Algars, Olle"]
[Black "Rull, Michael"]
[Result "1-0"]
[ECO "E71"]
[WhiteElo "1870"]
[BlackElo "1846"]
[Annotator ",martin-koller@seznam"]
[PlyCount "73"]
[TimeControl "240+2"]

{600MB, Fritz10.ctg} 1. c4 Nf6 2. Nc3 g6 3. e4 Bg7 4. d4 d6 5. h3 O-O 6. Be3 e5
7. d5 Na6 8. g4 Nc5 9. Bd3 a5 10. Nge2 Ne8 11. Qd2 f5 12. gxf5 gxf5 13. f4
Nxd3+ 14. Qxd3 exf4 15. Nxf4 Qh4+ 16. Kd2 fxe4 17. Qxe4 Bf5 18. Qg2 Kh8 19.
Rag1 Rg8 20. Qf3 Be5 21. Rxg8+ Kxg8 22. Rg1+ Ng7 23. Qg2 Kh8 24. Qg5 Qxg5 25.
Rxg5 Bf6 26. Rg1 Re8 27. Nce2 a4 28. b3 axb3 29. axb3 Ra8 30. Bd4 Ra2+ 31. Ke3
Bxd4+ 32. Nxd4 Bd7 33. Nfe6 Nxe6 34. dxe6 c5 35. exd7 cxd4+ 36. Kxd4 Ra8 37.
Re1 1-0